 Dungeon Crawl Stone Soup version 0.21-a0-496-g696f58f (webtiles) character file.

27773 kae the Geomancer (level 13, 0/79 HPs)
             Began as a Gargoyle Earth Elementalist on Nov 23, 2017.
             Was a High Priest of Vehumet.
             Slain by an elephant (13 damage)
             ... on level 5 of the Lair of Beasts.
             The game lasted 00:19:58 (17854 turns).

kae the Geomancer (Gargoyle Earth Elementalist)    Turns: 17854, Time: 00:19:59

Health: 0/79       AC: 19    Str: 13    XL:     13   Next: 34%
Magic:  13/27      EV: 15    Int: 22    God:    Vehumet [*****.]
Gold:   794        SH:  0    Dex: 10    Spells: 20/33 levels left

rFire    . . .     SeeInvis +   j - +3 dagger (holy)
rCold    . . .     Gourm    .   (no shield)
rNeg     + . .     Faith    .   p - +2 robe
rPois    ∞         Spirit   .   L - +2 helmet
rElec    +         Reflect  .   O - +0 cloak
rCorr    .         Harm     .   i - +1 pair of gloves
MR       .....                  (no boots)
Stlth    ++........             D - amulet of regeneration
HPRegen  0.63/turn              q - ring of see invisible
MPRegen  0.20/turn              w - +2 ring of intelligence

@: no status effects
A: negative energy resistance 1, electricity resistance, unbreathing,
petrification resistance, rot immunity, AC +9
a: Renounce Religion


You were on level 5 of the Lair of Beasts.
You worshipped Vehumet.
Vehumet was extremely pleased with you.
You were hungry.

You visited 2 branches of the dungeon, and saw 15 of its levels.

You collected 794 gold pieces.

Inventory:

Hand Weapons
 j - a +3 dagger of holy wrath (weapon)
Missiles
 a - 2 stones (quivered)
Armour
 i - a +1 pair of gloves (worn)
 p - a +2 robe (worn)
 L - a +2 helmet (worn)
 O - a +0 cloak (worn)
Jewellery
 b - an uncursed ring of ice
 l - an uncursed ring of resist corrosion
 q - a ring of see invisible (left hand)
 w - a +2 ring of intelligence (right hand)
 D - an amulet of regeneration (around neck)
Wands
 k - a wand of flame (5)
 t - a wand of random effects (31)
 E - a wand of acid (9)
 I - a wand of iceblast (8)
 J - a wand of paralysis (14)
Scrolls
 f - 7 scrolls of remove curse
 x - a scroll of blinking
 H - 2 scrolls of enchant armour
 K - a scroll of fear
 Q - a scroll of fog
 T - a scroll of teleportation
Potions
 g - 5 potions of curing
 h - 4 potions of haste
 s - 2 potions of ambrosia
 u - a potion of mutation
 z - a potion of might
 A - 2 potions of resistance
 B - 3 potions of heal wounds
 C - 2 potions of flight
 F - 3 potions of lignification
 G - a potion of agility
 N - 2 potions of invisibility {unknown}
 P - a potion of degeneration {unknown}
Books
 c - a book of Maledictions

   Spells                             Type                      Level
   a - Corona                         Hexes                        1
   b - Ensorcelled Hibernation        Hexes/Ice                    2
   c - Confuse                        Hexes                        3
   d - Tukima's Dance                 Hexes                        3
   e - Dazzling Spray                 Conjuration/Hexes            3
 e - a book of Geomancy

   Spells                             Type                      Level
   a - Sandblast                      Earth                        1
   b - Passwall                       Transmutation/Earth          2
   c - Stone Arrow                    Conjuration/Earth            3
   d - Petrify                        Transmutation/Earth          4
   e - Lee's Rapid Deconstruction     Earth                        5
 y - a book of Changes

   Spells                             Type                      Level
   a - Beastly Appendage              Transmutation                1
   b - Sticks to Snakes               Transmutation                2
   c - Spider Form                    Transmutation/Poison         3
   d - Ice Form                       Ice/Transmutation            4
   e - Blade Hands                    Transmutation                5
 M - a book of Flames

   Spells                             Type                      Level
   a - Flame Tongue                   Conjuration/Fire             1
   b - Throw Flame                    Conjuration/Fire             2
   c - Conjure Flame                  Conjuration/Fire             3
   d - Inner Flame                    Hexes/Fire                   3
   e - Sticky Flame                   Conjuration/Fire             4
   f - Fireball                       Conjuration/Fire             5
 R - a book of Enchantments

   Spells                             Type                      Level
   a - Cause Fear                     Hexes                        4
   b - Yara's Violent Unravelling     Hexes/Transmutation          5
   c - Silence                        Hexes/Air                    5
   d - Deflect Missiles               Charms/Air                   6
   e - Discord                        Hexes                        8
Comestibles
 d - 6 bread rations
 n - 4 royal jellies
 r - 12 meat rations


   Skills:
 + Level 8.5 Fighting
 + Level 6.7 Dodging
 - Level 2.1 Stealth
 * Level 10.6 Spellcasting
 * Level 11.9 Conjurations
 - Level 0.7 Transmutations
 * Level 13.6 Earth Magic


You had 20 spell levels left.
You knew the following spells:

 Your Spells              Type           Power        Failure   Level  Hunger
a - Sandblast             Erth           ######       0%          1    None
b - Stone Arrow           Conj/Erth      ######       1%          3    None
c - Lee's Rapid Deconstr  Erth           ######....   1%          5    ####...
d - Petrify               Tmut/Erth      #####...     3%          4    #......


Dungeon Overview and Level Annotations

Branches:
Dungeon (9/15)             Temple (0/1) D:6            Lair (6/6) D:9
 Shoals (0/4) Lair:4        Snake (0/4) Lair:2          Orc (0/2) D:9
  Slime: Lair:5-6

Altars:
Cheibriados
Elyvilon
Fedhas
Makhleb
Nemelex Xobeh
Ru
Trog
Vehumet
Zin
The Shining One

Annotations:
D:9 exclusion: 2 doors


Innate Abilities, Weirdness & Mutations

You are resistant to torment.
Your stone body is resilient. (AC +9)
You are immune to poison.
You resist negative energy. (rN+)
You are resistant to electric shocks. (rElec)
You can survive without breathing.
You are immune to petrification.
You are immune to rotting.


Message History

Casting: Sandblast
Confirm with . or Enter, or press ? or * to list all spells.
Aiming: Sandblast
Press: ? - help, Shift-Dir - straight line, f/p - elephant
Aim: an elephant (lightly wounded)
The blast of sand hits the elephant.
The elephant is heavily wounded.
a - 3 stones The elephant tramples you but does no damage.
The elephant trunk-slaps you but does no damage.
Casting: Sandblast
Confirm with . or Enter, or press ? or * to list all spells.
Aiming: Sandblast
Press: ? - help, Shift-Dir - straight line, f/p - elephant
Aim: an elephant (heavily wounded)
The blast of sand hits the elephant.
The elephant is heavily wounded.
a - 2 stones The elephant tramples you!
You die...

.................................
..............>..................
.................................
.................................
......#.#.P####..................
P....#.#######...##P..P........P#
#.......###.##.†..#..P###.>.....#
.....##......##Y†##.....#.......#
#.....##.....##.@###...........##
.....###.........###...##.......#
#....P####..#....P##.####......#.
#....#####.###...P...###.#.....##
#....P.....##......#...P.........
.................................
.................................
.................................
.................................


You could see an elephant.

Vanquished Creatures
  4 hydras
  2 two-headed ogres
  A fire crab (Lair:5)
  A merfolk siren (Lair:4)
  4 black mambas
  2 elephants
  9 spiny frogs
  3 rime drakes
  4 komodo dragons
  A polar bear (Lair:5)
  15 blink frogs
  6 hippogriffs
  Sigmund (D:4)
  11 yaks
  3 fire bats (Lair:4)
  The ghost of Aviak the Vexing, an amateur GnAM (D:4)
  3 basilisks
  6 nagas (Lair:2)
  A warg (Lair:1)
  7 swamp worms (Lair:3)
  5 water moccasins
  5 porcupines
  Duvessa (D:6)
  7 ogres
  2 orc warriors (D:9)
  3 ice beasts
  2 necrophages (D:7)
  A centaur (D:7)
  2 phantoms
  21 wolves
  11 crocodiles
  A big kobold (D:8)
  11 bullfrogs
  6 scorpions
  Dowan (D:6)
  6 killer bees (D:9)
  4 wights (D:9)
  4 howler monkeys
  4 crimson imps
  A quasit (D:7)
  A centaur zombie (D:6)
  A bullfrog skeleton (D:6)
  8 hounds
  2 jellies
  12 orc priests
  8 orc wizards
  Ijyb (D:3)
  A centaur skeleton (D:6)
  4 worker ants
  A hound zombie (D:9)
  2 hound skeletons
  A worker ant zombie (D:9)
  A howler monkey skeleton (D:7)
  A river rat (D:9)
  10 adders
  2 shadow imps
  An ooze (D:3)
  An adder skeleton (D:7)
  15 worms
  3 dart slugs
  4 leopard geckos
  35 orcs
  6 giant cockroaches
  5 goblins
  9 hobgoblins
  12 jackals
  4 quokkas
  14 bats
  4 frilled lizards
  A jackal skeleton (D:5)
  8 kobolds
  5 rats
  A plant (Lair:4)
367 creatures vanquished.

Vanquished Creatures (others)
  A crocodile (Lair:5)
  A bush (D:7)
  6 fungi
  3 plants
11 creatures vanquished.

Grand Total: 378 creatures vanquished

Notes
Turn   | Place    | Note
-------+----------+-------------------------------------------
     0 | D:1      | kae the Gargoyle Earth Elementalist began the quest for the Orb.
     0 | D:1      | Reached XP level 1. HP: 10/10 MP: 3/3
    92 | D:1      | Reached XP level 2. HP: 15/15 MP: 5/5
    93 | D:1      | Reached skill level 4 in Earth Magic
   662 | D:1      | Reached XP level 3. HP: 7/19 MP: 0/6
  1281 | D:2      | Reached XP level 4. HP: 20/24 MP: 8/8
  1672 | D:2      | Reached skill level 5 in Earth Magic
  1928 | D:3      | Found a faded altar of an unknown god.
  2085 | D:3      | Learned a level 3 spell: Stone Arrow
  2498 | D:3      | Noticed Ijyb
  2540 | D:2      | Reached XP level 5. HP: 5/28 MP: 2/10
  2823 | D:3      | Killed Ijyb
  3245 | D:4      | Noticed an ogre
  3248 | D:4      | Reached skill level 1 in Conjurations
  3253 | D:4      | Killed an ogre
  3253 | D:4      | Reached skill level 1 in Fighting
  3253 | D:4      | Reached XP level 6. HP: 31/34 MP: 2/11
  3260 | D:4      | Noticed Aviak's ghost (amateur GnAM)
  3371 | D:3      | Reached skill level 6 in Earth Magic
  3725 | D:4      | Reached XP level 7. HP: 39/39 MP: 8/13
  3763 | D:4      | Found a snail-covered altar of Cheibriados.
  3766 | D:4      | Found a radiant altar of Vehumet.
  4016 | D:4      | Noticed Sigmund
  4049 | D:4      | Killed Aviak's ghost
  4049 | D:4      | Reached XP level 8. HP: 44/45 MP: 1/15
  4156 | D:4      | Killed Sigmund
  4156 | D:4      | Reached skill level 5 in Spellcasting
  4156 | D:4      | Reached skill level 7 in Earth Magic
  4472 | D:4      | Became a worshipper of Vehumet
  4525 | D:5      | Entered Level 5 of the Dungeon
  4961 | D:5      | Learned a level 5 spell: Lee's Rapid Deconstruction
  5183 | D:5      | Found a white marble altar of Elyvilon.
  5183 | D:5      | Found a glowing golden altar of the Shining One.
  5183 | D:5      | Found a glowing silver altar of Zin.
  5205 | D:6      | Noticed Duvessa
  5205 | D:6      | Noticed Dowan
  5571 | D:6      | Reached skill level 5 in Conjurations
  5602 | D:6      | Reached * piety under Vehumet
  5602 | D:6      | Offered knowledge of Sting by Vehumet.
  5748 | D:6      | Killed Dowan
  5748 | D:6      | Reached skill level 8 in Earth Magic
  5832 | D:6      | Killed Duvessa
  5832 | D:6      | Reached XP level 9. HP: 52/52 MP: 9/17
  5888 | D:6      | Found a staircase to the Ecumenical Temple.
  6580 | D:7      | Noticed a two-headed ogre
  6736 | D:7      | Killed a two-headed ogre
  6736 | D:7      | Reached skill level 9 in Earth Magic
  7220 | D:7      | Found a blossoming altar of Fedhas.
  7372 | D:7      | Reached XP level 10. HP: 57/58 MP: 18/20
  7527 | D:7      | Found a sparkling altar of Nemelex Xobeh.
  7684 | D:7      | Found a burning altar of Makhleb.
  7694 | D:7      | Reached skill level 5 in Fighting
  8424 | D:8      | Offered knowledge of Shock by Vehumet.
  8427 | D:8      | Reached ** piety under Vehumet
  8678 | D:9      | Found a staircase to the Orcish Mines.
  8815 | D:9      | Noticed a two-headed ogre
  8820 | D:9      | Killed a two-headed ogre
  8820 | D:9      | Reached skill level 10 in Earth Magic
  9019 | D:9      | Offered knowledge of Throw Flame by Vehumet.
  9227 | D:9      | Reached *** piety under Vehumet
  9408 | D:9      | Found a bloodstained altar of Trog.
  9666 | D:9      | Found a sacrificial altar of Ru.
  9695 | D:9      | Noticed a death yak
  9698 | D:9      | Noticed a death yak
  9698 | D:9      | Noticed a death yak
  9903 | D:9      | Found a staircase to the Lair.
  9907 | D:9      | Reached XP level 11. HP: 64/64 MP: 18/23
 10325 | Lair:1   | Entered Level 1 of the Lair of Beasts
 10348 | Lair:1   | Noticed an eight-headed hydra
 10434 | Lair:1   | Reached skill level 5 in Dodging
 10575 | Lair:1   | Offered knowledge of Fulminant Prism by Vehumet.
 10681 | Lair:1   | Reached skill level 11 in Earth Magic
 11416 | Lair:1   | Reached **** piety under Vehumet
 11762 | Lair:1   | Learned a level 4 spell: Petrify
 11771 | Lair:1   | Killed an eight-headed hydra
 11907 | Lair:2   | HP: 1/66 [naga/halberd of distortion (9)]
 11907 | Lair:2   | Found a staircase to the Snake Pit.
 11951 | Lair:2   | Noticed a six-headed hydra
 11961 | Lair:2   | Killed a six-headed hydra
 11961 | Lair:2   | Offered knowledge of Olgreb's Toxic Radiance by Vehumet.
 12525 | Lair:2   | Reached skill level 10 in Conjurations
 12816 | Lair:2   | Reached skill level 12 in Earth Magic
 13010 | Lair:3   | Reached XP level 12. HP: 72/72 MP: 19/25
 13572 | Lair:3   | You fall through a shaft!
 13572 | Lair:4   | Noticed a four-headed hydra
 13585 | Lair:4   | Killed a four-headed hydra
 14008 | Lair:3   | Reached ***** piety under Vehumet
 14011 | Lair:3   | Offered knowledge of Airstrike by Vehumet.
 14104 | Lair:4   | Found a staircase to the Shoals.
 14528 | Lair:3   | Reached skill level 10 in Spellcasting
 15405 | Lair:4   | Reached skill level 13 in Earth Magic
 16445 | Lair:5   | Reached XP level 13. HP: 78/78 MP: 17/27
 17685 | Lair:6   | Entered Level 6 of the Lair of Beasts
 17854 | Lair:5   | Slain by an elephant

Vault maps used:
D:1:      dpeg_arrival_prison, minmay_cupped
D:3:      chequers_ecumenical_altar_island, uniq_ijyb
D:4:      minitemple, first_bread, minmay_misc_feat_four_crosses, uniq_sigmund
D:5:      cheibrodos_quashed, good_gods_mini_temple
D:6:      minmay_temple_entry_metal_lava, hangedman_decor_growths, uniq_duvessa
D:7:      fedhas_bush_and_centaur_altar, nemelex_xobeh_ov_fountains_minmay,
          makhleb_blood_cavern_becter
D:9:      nicolae_ru_the_path_less_chosen, lemuel_round_altar,
          dpeg_lair_monsters, david_orc_3, minmay_misc_feat_room
Lair:1:   beast_lair_carwin_large_4, st_stairs_12, serial_bayou_pond_c,
          nicolae_lair_grove_arrangements
Lair:2:   minmay_snake_entry_guardpost_medium
Lair:3:   worms_lemuel
Lair:4:   minmay_shoals_entry_lonely_mermaid, nicolae_volcano_entry_batcave,
          minmay_holes, infiniplex_staircase_pool
Lair:6:   evil_forest, slime_dummy, minivault_19, grunt_megastairs_3

Skill      XL: |  1  2  3  4  5  6  7  8  9 10 11 12 |
---------------+-------------------------------------+-----
Earth Magic    | 4 5 6 8 9 10 12 13 | 13.6
Spellcasting   | 3 4 5 6 8 9 10 | 10.6
Conjurations   | 1 2 3 5 7 8 10 11 | 11.9
Fighting       | 1 2 3 4 5 7 8 |  8.5
Dodging        | 2 3 4 5 6 |  6.7
Stealth        | |  2.1
Transmutations | |  0.7

Action                   |  1- 3 |  4- 6 |  7- 9 | 10-12 | 13-15 || total
-------------------------+-------+-------+-------+-------+-------++-------
Melee: Whip              |    23 |       |       |       |       ||    23
       Unarmed           |     3 |       |       |       |       ||     3
       Dagger            |   101 |   112 |   165 |   366 |    11 ||   755
 Cast: Sandblast         |    10 |    55 |    89 |   184 |    27 ||   365
       Stone Arrow       |       |     4 |    23 |   254 |    64 ||   345
       Lee's Rapid Decon |       |       |       |     4 |       ||     4
       Petrify           |       |       |       |     7 |     1 ||     8
  Use: Scroll            |     6 |     1 |    11 |     8 |       ||    26
       Potion            |       |     5 |       |     1 |     1 ||     7
 Stab: Sleeping          |     6 |     4 |     1 |     5 |       ||    16
       Distracted        |       |       |     1 |     1 |       ||     2
  Eat: Chunk             |     1 |     8 |    12 |    19 |     5 ||    45
       Fruit             |       |       |     2 |       |       ||     2
       Royal jelly       |       |       |       |     2 |       ||     2
       Meat ration       |       |       |       |     1 |       ||     1
Armor: Robe              |    62 |    62 |    92 |   268 |    44 ||   528
Dodge: Dodged            |   110 |   112 |   133 |   447 |    67 ||   869

Table legend:
 A = Spawn XP
 B = Non-spawn XP
 C = Spawn XP percentage of total XP
 D = Spawn monster count
 E = Non-spawn monster count
 F = Spawn count percentage of total count
 G = Total turns spent on level
                    A         B        C        D         E        F      G
               +---------+---------+-------+---------+---------+-------+---------
         Total |       0 |   39676 |   0.0 |       0 |     366 |   0.0 | 17854
               +---------+---------+-------+---------+---------+-------+---------
           D:1 |       0 |      38 |   0.0 |       0 |      25 |   0.0 |  1028
           D:2 |       0 |      71 |   0.0 |       0 |      17 |   0.0 |  1010
           D:3 |       0 |     138 |   0.0 |       0 |      20 |   0.0 |  1356
           D:4 |       0 |    1195 |   0.0 |       0 |      21 |   0.0 |  1131
           D:5 |       0 |     197 |   0.0 |       0 |      11 |   0.0 |   750
           D:6 |       0 |    1233 |   0.0 |       0 |      29 |   0.0 |  1194
           D:7 |       0 |    2165 |   0.0 |       0 |      31 |   0.0 |  1469
           D:8 |       0 |     668 |   0.0 |       0 |      13 |   0.0 |   692
           D:9 |       0 |    3619 |   0.0 |       0 |      56 |   0.0 |  1695
        Lair:1 |       0 |    5228 |   0.0 |       0 |      32 |   0.0 |  1533
        Lair:2 |       0 |    3750 |   0.0 |       0 |      16 |   0.0 |  1150
        Lair:3 |       0 |    6443 |   0.0 |       0 |      41 |   0.0 |  1562
        Lair:4 |       0 |    6026 |   0.0 |       0 |      28 |   0.0 |  1633
        Lair:5 |       0 |    8494 |   0.0 |       0 |      25 |   0.0 |  1634
        Lair:6 |       0 |     411 |   0.0 |       0 |       1 |   0.0 |    17
               +---------+---------+-------+---------+---------+-------+---------
